Selects Australian Defense Battlegroup
Selects Australian Light Infantry Section
Construct Section Command Post
Construct Section Command Post
Construct Section Command Post
Australian Light Infantry Section
Construct Platoon Command Post
Australian Light Infantry Section
Selects 2-pounder Anti-tank Gun Team
2-pounder Anti-tank Gun Team
Construct Company Command Post
Selects CMP 15cwt Supply Run
Selects Artillery Trip Wire Flares
Construct Field Infirmary
Unlock Towed 17-pounder Anti-tank Guns
6-pounder Anti-tank Gun Team
17-pounder Anti-tank Gun Team